SAA
DURHAM RAPIERS @ PHOENIX HOTSPUR YOUTH
08/11/2027
 
TOP OF THE 1ST
Durham Rapiers batting - Pitching for Phoenix Hotspur Youth : RHP Millard Dalton
Pitching: RHP Millard Dalton
Batting: RHB Orlando Montoya 0-0: Fly out, F9 (Flyball, 89D)
Batting: LHB Steve Costillo 0-0: Foul Ball, location: 2F
0-1: Ball
1-1: Foul Ball, location: 2F
1-2: Ball
2-2: DOUBLE (Line Drive, 89D)
Batting: SHB Marcos Roa 0-0: Ball
1-0: Called Strike
1-1: Foul Ball, location: 2F
1-2: Fly out, F7 (Flyball, 7D)
Batting: RHB António Díaz 0-0: Ball
1-0: Ball
2-0: Foul Ball, location: 2F
2-1: Ball
3-1: Called Strike
3-2: Foul Ball, location: 2F
3-2: Fly out, F9 (Flyball, 9)
Top of the 1st over - 0 run(s), 1 hit(s), 0 error(s), 1 left on base; Durham 0 - Phoenix Hotspur 0
BOTTOM OF THE 1ST
Phoenix Hotspur Youth batting - Pitching for Durham Rapiers : RHP Darius Baxa
Pitching: RHP Darius Baxa
Batting: RHB Pierre Bernard 0-0: Ball
1-0: SINGLE (Groundball, 6MD)
Batting: LHB Kenny Scott 0-0: Ball
1-0: Ball
2-0: SINGLE (Groundball, 34D)
Pierre Bernard to second
Runner from 2nd tries for 3rd, SAFE, throw made to third
Batting: LHB Roberto Fierro 0-0: Called Strike
0-1: Swinging Strike
0-2: Ball
1-2: Ball
2-2: Fly out, F8 (Line Drive, 8LM)
Runner from 3rd tags up, SCORES, no throw
Batting: RHB Takashi Miike 0-0: Fly out, F3 (Popup, 3S)
Batting: RHB David Rivas 0-0: Called Strike
0-1: Called Strike
0-2: Ball
1-2: Fielders Choice at 2nd, 4-6 (Groundball, 4)
Bottom of the 1st over - 1 run(s), 2 hit(s), 0 error(s), 0 left on base; Durham 0 - Phoenix Hotspur 1
TOP OF THE 2ND
Durham Rapiers batting - Pitching for Phoenix Hotspur Youth : RHP Millard Dalton
Batting: RHB Santo Alba 0-0: Called Strike
0-1: Foul Ball, location: 2F
0-2: Ball
1-2: Ball
2-2: TRIPLE (Flyball, 8LD)
Batting: LHB Martín Cruz 0-0: Fly out, F8 (Flyball, 8LM)
Runner from 3rd tags up, SCORES, throw made
Batting: RHB Rick McGuire 0-0: Called Strike
0-1: Ball
1-1: Ball
2-1: Ball
3-1: Called Strike
3-2: Foul Ball, location: 2F
3-2: Base on Balls
Batting: RHB Dave Sienna 0-0: Ball
1-0: Ball
2-0: TRIPLE (Line Drive, 89M)
Rick McGuire scores
Batting: RHB Bill Allen 0-0: Ball
1-0: Ground out 6-3 (Groundball, 4MD)
Dave Sienna scores
Batting: RHB Orlando Montoya 0-0: Ball
1-0: Foul Ball, location: 2F
1-1: Ground out 6-3 (Groundball, 6)
Top of the 2nd over - 3 run(s), 2 hit(s), 0 error(s), 0 left on base; Durham 3 - Phoenix Hotspur 1
BOTTOM OF THE 2ND
Phoenix Hotspur Youth batting - Pitching for Durham Rapiers : RHP Darius Baxa
Batting: LHB Harumi Takaki 0-0: Called Strike
0-1: Foul Ball, location: 2F
0-2: Ball
1-2: Foul Ball, location: 2F
1-2: Foul Ball, location: 2F
1-2: Fly out, F9 (Line Drive, 9LD)
Batting: RHB Hieronymus Bosch 0-0: Called Strike
0-1: Swinging Strike
0-2: Strikes out swinging
Batting: RHB Enrico Sánchez 0-0: Ground out 6-3 (Groundball, 6S)
Bottom of the 2nd over - 0 run(s), 0 hit(s), 0 error(s), 0 left on base; Durham 3 - Phoenix Hotspur 1
TOP OF THE 3RD
Durham Rapiers batting - Pitching for Phoenix Hotspur Youth : RHP Millard Dalton
Batting: LHB Steve Costillo 0-0: Foul Ball, location: 2F
0-1: Ball
1-1: Foul Ball, location: 2F
1-2: Ball
2-2: Strikes out swinging
Batting: SHB Marcos Roa 0-0: Called Strike
0-1: Swinging Strike
0-2: Ground out 4-3 (Groundball, 4)
Batting: RHB António Díaz 0-0: Ground out 5-3 (Groundball, 56S)
Top of the 3rd over - 0 run(s), 0 hit(s), 0 error(s), 0 left on base; Durham 3 - Phoenix Hotspur 1
BOTTOM OF THE 3RD
Phoenix Hotspur Youth batting - Pitching for Durham Rapiers : RHP Darius Baxa
Batting: RHB Phillip Mendizabal 0-0: Called Strike
0-1: Ball
1-1: Swinging Strike
1-2: Ball
2-2: Strikes out swinging
Batting: RHB Pierre Bernard 0-0: Foul Ball, location: 2F
0-1: SINGLE (Line Drive, 9LS)
Batting: LHB Kenny Scott 0-0: Ball
1-0: SINGLE (Line Drive, 89S)
Pierre Bernard to second
Batting: LHB Roberto Fierro 0-0: Ball
1-0: Fly out, F8 (Flyball, 8RS)
Batting: RHB Takashi Miike 0-0: Called Strike
0-1: Ball
1-1: Ground out 5-3 (Groundball, 5D)
Bottom of the 3rd over - 0 run(s), 2 hit(s), 0 error(s), 2 left on base; Durham 3 - Phoenix Hotspur 1
TOP OF THE 4TH
Durham Rapiers batting - Pitching for Phoenix Hotspur Youth : RHP Millard Dalton
Batting: RHB Santo Alba 0-0: Ball
1-0: Foul Ball, location: 2F
1-1: Ball
2-1: Foul Ball, location: 2F
2-2: Ball
3-2: SINGLE (Groundball, 4M) (infield hit)
Batting: LHB Martín Cruz 0-0: Fielders Choice at 2nd, 4-6 (Groundball, 4)
Batting: RHB Rick McGuire 0-0: Called Strike
0-1: Ball
1-1: Called Strike
1-2: Foul Ball, location: 2F
1-2: Ball
2-2: SINGLE (Groundball, 5D)
Martín Cruz to second
Batting: RHB Dave Sienna 0-0: 3-RUN HOME RUN (Flyball, 7LD), Distance : 338 ft
Batting: RHB Bill Allen 0-0: Foul Ball, location: 2F
0-1: Ground out 5-3 (Groundball, 56S)
Batting: RHB Orlando Montoya 0-0: Called Strike
0-1: Ball
1-1: Ground out 5-3 (Groundball, 56)
Top of the 4th over - 3 run(s), 3 hit(s), 0 error(s), 0 left on base; Durham 6 - Phoenix Hotspur 1
BOTTOM OF THE 4TH
Phoenix Hotspur Youth batting - Pitching for Durham Rapiers : RHP Darius Baxa
Batting: RHB David Rivas 0-0: Ball
1-0: Called Strike
1-1: Ground out 4-3 (Groundball, 4)
Batting: LHB Harumi Takaki 0-0: Ball
1-0: Ball
2-0: Ball
3-0: Base on Balls
Batting: RHB Hieronymus Bosch 0-0: Ball
1-0: Ball
2-0: Called Strike
2-1: Grounds into double play, 5-4-3 (Groundball, 5)
Bottom of the 4th over - 0 run(s), 0 hit(s), 0 error(s), 0 left on base; Durham 6 - Phoenix Hotspur 1
TOP OF THE 5TH
Durham Rapiers batting - Pitching for Phoenix Hotspur Youth : RHP Millard Dalton
Pitching: LHP Juan Alou
Batting: LHB Steve Costillo 0-0: DOUBLE (Line Drive, 8LD)
Batting: SHB Marcos Roa 0-0: Foul Ball, location: 2F
0-1: Ball
1-1: Called Strike
1-2: Foul Ball, location: 2F
1-2: Ball
2-2: Ground out 6-3 (Groundball, 6)
Batting: RHB António Díaz 0-0: Ball
1-0: Foul Ball, location: 2F
1-1: Fly out, F8 (Flyball, 8LM)
Batting: RHB Santo Alba 0-0: Ball
1-0: Ball
2-0: Ball
3-0: Called Strike
3-1: Foul Ball, location: 2F
3-2: Base on Balls
Batting: LHB Martín Cruz 0-0: Ball
1-0: Ball
2-0: Fielders Choice at 2nd, 4-6 (Groundball, 4)
Top of the 5th over - 0 run(s), 1 hit(s), 0 error(s), 1 left on base; Durham 6 - Phoenix Hotspur 1
BOTTOM OF THE 5TH
Phoenix Hotspur Youth batting - Pitching for Durham Rapiers : RHP Darius Baxa
Batting: RHB Enrico Sánchez 0-0: Ball
1-0: Ball
2-0: Fly out, F4 (Flyball, 4D)
Batting: RHB Phillip Mendizabal 0-0: Ball
1-0: Ball
2-0: Fly out, F8 (Flyball, 8LM)
Batting: RHB Pierre Bernard 0-0: Ball
1-0: Called Strike
1-1: Ball
2-1: DOUBLE (Line Drive, 7)
Batting: LHB Kenny Scott 0-0: Foul Ball, location: 2F
0-1: Fly out, F8 (Line Drive, 8RM)
Bottom of the 5th over - 0 run(s), 1 hit(s), 0 error(s), 1 left on base; Durham 6 - Phoenix Hotspur 1
TOP OF THE 6TH
Durham Rapiers batting - Pitching for Phoenix Hotspur Youth : LHP Juan Alou
Batting: RHB Rick McGuire 0-0: Called Strike
0-1: Fly out, F6 (Popup, 6MD)
Batting: RHB Dave Sienna 0-0: Ball
1-0: Swinging Strike
1-1: Ball
2-1: Ball
3-1: Foul Ball, location: 2F
3-2: Base on Balls
Batting: RHB Bill Allen 0-0: Called Strike
0-1: SINGLE (Groundball, 4MD)
Dave Sienna to second
Runner from 2nd tries for 3rd, SAFE, no throw
Batting: RHB Orlando Montoya 0-0: Ball
1-0: Fly out, F9 (Flyball, 9LM)
Runner from 3rd tags up, SCORES, no throw
Batting: LHB Steve Costillo 0-0: DOUBLE (Line Drive, 9LS)
Bill Allen to third
Runner from 3rd tries for Home, throw and OUT!
Top of the 6th over - 1 run(s), 2 hit(s), 0 error(s), 1 left on base; Durham 7 - Phoenix Hotspur 1
BOTTOM OF THE 6TH
Phoenix Hotspur Youth batting - Pitching for Durham Rapiers : RHP Darius Baxa
Batting: LHB Roberto Fierro 0-0: Called Strike
0-1: Ball
1-1: Ball
2-1: Ball
3-1: Foul Ball, location: 2F
3-2: Foul Ball, location: 2F
3-2: Base on Balls
Batting: RHB Takashi Miike 0-0: Called Strike
Roberto Fierro steals 2nd base
0-1: SINGLE (Groundball, 4D)
Roberto Fierro to third
Runner from 3rd tries for Home, SAFE, no throw
Batting: RHB David Rivas 0-0: Called Strike
0-1: Foul Ball, location: 2F
0-2: Ground out 5-3 (Groundball, 5S)
Takashi Miike to second
Batting: LHB Harumi Takaki 0-0: Ball
1-0: Ball
2-0: Foul Ball, location: 2F
2-1: Called Strike
2-2: Ball
3-2: Base on Balls
Batting: RHB Hieronymus Bosch 0-0: Foul Ball, location: 2F
0-1: Ball
1-1: Called Strike
1-2: DOUBLE (Line Drive, 7LM)
Takashi Miike scores
Harumi Takaki to third
Batting: RHB Enrico Sánchez 0-0: Ground out 5-3 (Groundball, 56)
Harumi Takaki scores
Batting: RHB Phillip Mendizabal 0-0: Called Strike
0-1: Ground out 6-3 (Groundball, 6)
Bottom of the 6th over - 3 run(s), 2 hit(s), 0 error(s), 1 left on base; Durham 7 - Phoenix Hotspur 4
TOP OF THE 7TH
Durham Rapiers batting - Pitching for Phoenix Hotspur Youth : LHP Juan Alou
Batting: SHB Marcos Roa 0-0: SINGLE (Flyball, 8LS)
Batting: RHB António Díaz 0-0: SINGLE (Groundball, 4MD)
Marcos Roa to second
Batting: RHB Santo Alba 0-0: Fly out, F9 (Flyball, 9S)
Batting: LHB Martín Cruz 0-0: Ball
1-0: Ball
2-0: Foul Ball, location: 2F
2-1: Ball
3-1: Called Strike
3-2: Base on Balls
Marcos Roa to third
António Díaz to second
Batting: RHB Rick McGuire 0-0: Ball
1-0: Called Strike
1-1: Grounds into fielders choice 6-2 (Groundball, 6)
António Díaz to third
Martín Cruz to second
Pinch Hitting: RHB Sherman Trowell 0-0: Called Strike
0-1: Called Strike
0-2: Ball
1-2: SINGLE (Groundball, 6MD)
António Díaz scores
Martín Cruz to third
Rick McGuire to second
Runner from 3rd tries for Home, SAFE, no throw
Pitching: RHP Sergio Avilés
Batting: RHB Bill Allen 0-0: Ball
1-0: Swinging Strike
1-1: Swinging Strike
1-2: Foul Ball, location: 2F
1-2: Ball
2-2: Ground out 1-3 (Groundball, 13)
Top of the 7th over - 2 run(s), 3 hit(s), 0 error(s), 2 left on base; Durham 9 - Phoenix Hotspur 4
BOTTOM OF THE 7TH
Phoenix Hotspur Youth batting - Pitching for Durham Rapiers : RHP Darius Baxa
Now in LF: Sherman Trowell
Batting: RHB Pierre Bernard 0-0: Called Strike
0-1: Ball
1-1: Ball
2-1: Fly out, F6 (Line Drive, 6M)
Batting: LHB Kenny Scott 0-0: Ball
1-0: Ball
2-0: SINGLE (Flyball, 7LM)
Batting: LHB Roberto Fierro 0-0: Called Strike
0-1: Foul Ball, location: 2F
0-2: Ball
1-2: Foul Ball, location: 2F
1-2: Ball
2-2: Ball
3-2: SINGLE (Groundball, 6MD)
Kenny Scott to second
Pitching: LHP Steve Seabolt
Batting: RHB Takashi Miike 0-0: Ball
1-0: Ball
Wild Pitch!
Kenny Scott to third
Roberto Fierro to second
2-0: Ground out 4-3 (Groundball, 34)
Kenny Scott scores
Roberto Fierro to third
Batting: RHB David Rivas 0-0: Called Strike
0-1: Fly out, F4 (Line Drive, 4M)
Bottom of the 7th over - 1 run(s), 2 hit(s), 0 error(s), 1 left on base; Durham 9 - Phoenix Hotspur 5
TOP OF THE 8TH
Durham Rapiers batting - Pitching for Phoenix Hotspur Youth : RHP Sergio Avilés
Batting: RHB Orlando Montoya 0-0: Called Strike
0-1: Ground out 6-3 (Groundball, 6)
Batting: LHB Steve Costillo 0-0: Called Strike
0-1: Ball
1-1: Fly out, F8 (Line Drive, 8RD)
Batting: SHB Marcos Roa 0-0: Swinging Strike
0-1: Ball
1-1: Called Strike
1-2: Ball
2-2: Ball
3-2: Base on Balls
Batting: RHB António Díaz 0-0: Ball
1-0: Called Strike
1-1: Fly out, F8 (Flyball, 8RXD)
Top of the 8th over - 0 run(s), 0 hit(s), 0 error(s), 1 left on base; Durham 9 - Phoenix Hotspur 5
BOTTOM OF THE 8TH
Phoenix Hotspur Youth batting - Pitching for Durham Rapiers : LHP Steve Seabolt
Batting: LHB Harumi Takaki 0-0: Foul Ball, location: 2F
0-1: Foul Ball, location: 2F
0-2: Ball
1-2: Ground out 4-3 (Groundball, 34)
Batting: RHB Hieronymus Bosch 0-0: Called Strike
0-1: Foul Ball, location: 2F
0-2: Strikes out swinging
Batting: RHB Enrico Sánchez 0-0: Ball
1-0: Swinging Strike
1-1: Ball
2-1: SINGLE (Line Drive, 89S)
Batting: RHB Phillip Mendizabal 0-0: Ball
1-0: Ball
2-0: Called Strike
2-1: Ball
3-1: Called Strike
3-2: Foul Ball, location: 2F
3-2: Fly out, F9 (Flyball, 9)
Bottom of the 8th over - 0 run(s), 1 hit(s), 0 error(s), 1 left on base; Durham 9 - Phoenix Hotspur 5
TOP OF THE 9TH
Durham Rapiers batting - Pitching for Phoenix Hotspur Youth : RHP Sergio Avilés
Batting: RHB Santo Alba 0-0: Ball
1-0: Ball
2-0: Ground out 1-3 (Groundball, 13)
Batting: LHB Martín Cruz 0-0: Fly out, F9 (Line Drive, 89M)
Now in RF: Ricardo Peña
Batting: RHB Rick McGuire 0-0: Ball
1-0: Ball
2-0: Called Strike
2-1: Ball
3-1: Base on Balls
Batting: RHB Sherman Trowell 0-0: Ball
1-0: Swinging Strike
1-1: Foul Ball, location: 2F
1-2: Ground out 5-3 (Groundball, 56S)
Top of the 9th over - 0 run(s), 0 hit(s), 0 error(s), 1 left on base; Durham 9 - Phoenix Hotspur 5
BOTTOM OF THE 9TH
Phoenix Hotspur Youth batting - Pitching for Durham Rapiers : LHP Steve Seabolt
Pitching: RHP Jim Unknown
Batting: RHB Pierre Bernard 0-0: Ball
1-0: Called Strike
1-1: Ground out 1-3 (Groundball, 15S)
Batting: LHB Kenny Scott 0-0: Ball
1-0: Ground out 1-3 (Groundball, P)
Batting: LHB Roberto Fierro 0-0: Ball
1-0: DOUBLE (Line Drive, 8RD)
Batting: RHB Takashi Miike 0-0: Ball
1-0: Foul Ball, location: 2F
1-1: Swinging Strike
1-2: Strikes out swinging
Bottom of the 9th over - 0 run(s), 1 hit(s), 0 error(s), 1 left on base; Durham 9 - Phoenix Hotspur 5
Saturday, May 26th, 2018 - OOTP Baseball 17.12 Build 75